 Dungeon Crawl Stone Soup version 0.22.1-2-g9c5b331383 (webtiles) character file.

444 Ihlosi the Skirmisher (level 7, 0/56 HPs)
             Began as a Human Gladiator on Nov 17, 2018.
             Slain by an orc wizard
             ... wielding a +1 dagger of holy wrath
              (2 damage)
             ... on level 5 of the Dungeon.
             The game lasted 00:09:07 (4499 turns).

Ihlosi the Skirmisher (Human Gladiator)             Turns: 4499, Time: 00:09:08

Health: 0/56       AC:  5    Str: 15    XL:     7   Next: 23%
Magic:  16/16      EV: 13    Int:  9    God:
Gold:   291        SH:  0    Dex: 15    Spells: 6/6 levels left

rFire    . . .     SeeInvis .   a - +3 falchion (holy)
rCold    . . .     Gourm    .   (no shield)
rNeg     . . .     Faith    .   m - -1 leather armour (curse)
rPois    .         Spirit   .   c - +0 helmet
rElec    .         Reflect  .   (no cloak)
rCorr    .         Harm     .   j - +1 pair of gloves
MR       .....     Rnd*Tele +   (no boots)
Stlth    ++........             (no amulet)
HPRegen  0.18/turn              o - ring of teleportation (curse)
MPRegen  0.15/turn              v - ring of magical power

@: berserk cooldown, slowed, very slow
A: no striking features
a: no special abilities


You were on level 5 of the Dungeon.
You were not hungry.

You visited 1 branch of the dungeon, and saw 5 of its levels.

You collected 291 gold pieces.

Inventory:

Hand Weapons
 a - a +3 falchion of holy wrath (weapon)
 u - a +2 long sword of holy wrath
Missiles
 d - 3 throwing nets (quivered)
 i - 8 javelins
Armour
 b - a +0 leather armour
 c - a +0 helmet (worn)
 j - a +1 pair of gloves (worn)
 m - a cursed -1 leather armour (worn)
Jewellery
 o - a cursed ring of teleportation (left hand)
 s - an uncursed amulet of faith
 v - a ring of magical power (right hand)
Scrolls
 g - 3 scrolls of teleportation
 p - 4 scrolls of identify
 r - 2 scrolls of magic mapping
 t - a scroll of enchant weapon
 w - a scroll of fog
 y - a scroll of amnesia {unknown}
Potions
 h - a potion of heal wounds
 k - a potion of flight
 l - a potion of haste
 n - 3 potions of curing
 q - a potion of invisibility
Comestibles
 f - 9 rations


   Skills:
 * Level 5.3 Fighting
 + Level 4.8 Long Blades
 - Level 2.0 Throwing
 + Level 2.4 Armour
 - Level 3.0 Dodging
 - Level 1.0 Stealth


You had 6 spell levels left.
You didn't know any spells.
Your spell library was empty.

Dungeon Overview and Level Annotations

Branches:
Dungeon (5/15)
 Temple: D:4-7

Altars:
Elyvilon
Gozag
Qazlal


Message History

The orc wizard hits you with a dagger of holy wrath.
The orc wizard misses you.
You hear some strange, mumbled words.
A magic dart appears from out of thin air!
Deactivating autopickup; reactivate with Ctrl-A.
The magic dart hits you!
The orc wizard hits you but does no damage.
You hit the orc wizard but do no damage.
You hear some strange, mumbled words.
A magic dart appears from out of thin air!
The magic dart hits you!
* * * LOW HITPOINT WARNING * * *
The orc wizard hits you with a dagger of holy wrath.
* * * LOW HITPOINT WARNING * * *
You hear some strange, mumbled words.
A puff of flame appears from out of thin air!
The puff of flame hits you!
* * * LOW HITPOINT WARNING * * *
The orc wizard hits you with a dagger of holy wrath.
You die...

## #.# #.# #.# ### #.# #..
#.# #.# ####.# #.# ##### ##
##.##.# #.###....
.#####..(#.#######..#..###..
..............)o@).....'.#..
.###.......########!.###.###
.....#........# #..#..:o #
..##.......##.# #..###.#
..###..(...##.# #....#.# ..#
#.......#.# #.#..### ..#
#.........# #.##.. ..#
#.........# #.# #.. ..#
#.........#####.#


You could see an orc wizard.

Vanquished Creatures
  A crimson imp (D:5)
  A bullfrog zombie (D:2)
  A bullfrog skeleton (D:5)
  4 orc wizards
  Jessica (D:2)
  3 worker ants
  2 adders
  2 shadow imps (D:5)
  An ooze (D:3)
  2 adder skeletons (D:4)
  2 worms
  5 dart slugs
  4 leopard geckos
  3 orcs (D:3)
  4 giant cockroaches
  5 goblins
  6 hobgoblins
  4 jackals (D:1)
  A ball python (D:2)
  6 bats
  4 frilled lizards
  A jackal skeleton (D:5)
  7 kobolds
  2 leopard gecko skeletons
  9 rats
81 creatures vanquished.

Vanquished Creatures (others)
  2 orc wizards (D:5)
2 creatures vanquished.

Grand Total: 83 creatures vanquished

Notes
Turn   | Place    | Note
-------+----------+-------------------------------------------
     0 | D:1      | Ihlosi the Human Gladiator began the quest for the Orb.
     0 | D:1      | Reached XP level 1. HP: 16/16 MP: 1/1
   155 | D:1      | Reached XP level 2. HP: 22/22 MP: 2/2
   178 | D:1      | Reached skill level 1 in Stealth
   181 | D:1      | Reached skill level 1 in Armour
   489 | D:1      | Reached XP level 3. HP: 28/28 MP: 3/3
   550 | D:1      | Reached skill level 3 in Fighting
   986 | D:2      | Reached XP level 4. HP: 35/35 MP: 4/4
  1001 | D:2      | Noticed Jessica
  1006 | D:2      | Killed Jessica
  1006 | D:2      | Reached skill level 4 in Fighting
  1529 | D:2      | Reached XP level 5. HP: 28/43 MP: 5/5
  2029 | D:3      | Found a white marble altar of Elyvilon.
  2349 | D:3      | Reached XP level 6. HP: 19/49 MP: 6/6
  2736 | D:4      | Found an opulent altar of Gozag.
  3334 | D:4      | Found a stormy altar of Qazlal.
  3873 | D:5      | Entered Level 5 of the Dungeon
  3957 | D:5      | Reached skill level 5 in Fighting
  4472 | D:5      | Reached XP level 7. HP: 43/56 MP: 7/7
  4499 | D:5      | HP: 2/56 [something/puff of flame (12)]
  4499 | D:5      | Slain by an orc wizard

Skill      XL: |  1  2  3  4  5  6 |
---------------+-------------------+-----
Stealth        | 1 |  1.0
Armour         | 1 2 |  2.4
Fighting       | 3 4 5 |  5.3
Long Blades    | 4 |  4.8
Throwing       | |  2.0
Dodging        | |  3.0

Action                   |  1- 3 |  4- 6 |  7- 9 || total
-------------------------+-------+-------+-------++-------
Melee: Long sword        |    78 |       |       ||    78
       Falchion          |    14 |   161 |    23 ||   198
  Use: Scroll            |       |    14 |       ||    14
       Potion            |       |       |     2 ||     2
 Stab: Sleeping          |       |     4 |       ||     4
  Eat: Chunk             |       |     8 |       ||     8
       Ration            |       |     1 |       ||     1
Armor: Leather armour    |    43 |    45 |     8 ||    96
Dodge: Dodged            |    64 |    76 |     3 ||   143
       Rpst.: Long sword |    19 |       |       ||    19
       Falchion          |     2 |    29 |       ||    31
